 Dungeon Crawl Stone Soup version 0.25-a0-460-g4f2eb97ec1 (webtiles) character file.

Game seed: 1070249128038753097, levelgen mode: deterministic

359 Elellon the Magician (level 6, 0/32 HPs)
             Began as a Deep Elf Conjurer on Feb 3, 2020.
             Slain by an orc priest (2 damage)
             ... on level 3 of the Dungeon.
             The game lasted 00:03:12 (3128 turns).

Elellon the Magician (Deep Elf Conjurer)            Turns: 3128, Time: 00:03:13

Health: 0/32       AC:  3    Str:  7    XL:     6   Next: 37%
Magic:  9/17       EV: 13    Int: 20    God:
Gold:   131        SH:  0    Dex: 15    Spells: 15/18 levels left

rFire    . . .     SeeInvis .   k - +4 short sword
rCold    . . .     Gourm    .   (no shield)
rNeg     . . .     Faith    .   a - +0 robe
rPois    .         Spirit   .   (no helmet)
rElec    .         Reflect  .   g - +0 cloak
rCorr    .         Harm     .   (no gloves)
MR       .....                  (no boots)
Stlth    ++........             (no amulet)
HPRegen  0.10/turn              (no ring)
MPRegen  0.15/turn              (no ring)

@: no status effects
A: no striking features
a: no special abilities


You were on level 3 of the Dungeon.
You were hungry.

You visited 1 branch of the dungeon, and saw 3 of its levels.

You collected 131 gold pieces.

Inventory:

Hand Weapons
 k - a +4 short sword (weapon)
Armour
 a - a +0 robe (worn)
 g - a +0 cloak (worn)
Scrolls
 b - 3 scrolls of identify {unknown}
 e - 2 scrolls of amnesia {unknown}
 i - a scroll of magic mapping {unknown}
 m - a scroll of fear {unknown}
 n - a scroll of noise {unknown}
Potions
 d - 2 potions of curing {unknown}
 f - 2 potions of cancellation {unknown}
 h - a potion of mutation {unknown}
 l - a potion of magic {unknown}
Comestibles
 c - 6 rations


   Skills:
 - Level 2.4 Dodging
 - Level 2.4 Stealth
 + Level 6.8 Spellcasting
 + Level 6.7 Conjurations


You had 15 spell levels left.
You knew the following spells:

 Your Spells              Type           Power        Failure   Level  Hunger
a - Magic Dart            Conj           ####         1%          1    None
b - Searing Ray           Conj           ####..       1%          2    None

Your spell library contained the following spells:

 Spells                   Type           Power        Failure   Level  Hunger
 Dazzling Flash           Conj/Hex       ###...       8%          3    #......
 Fulminant Prism          Conj/Hex       ###.......   24%         4    ###....
 Iskenderun's Mystic Bla  Conj/Tloc      ###.....     24%         4    ###....


Dungeon Overview and Level Annotations

Branches:
Dungeon (3/15)

Altars:


Message History

The orc priest is severely wounded.
The orc priest invokes the aid of Beogh against you.
Pain shoots through your body!
* * * LOW HITPOINT WARNING * * *
Casting: Magic Dart (safe; 1% risk of failure)
Confirm with . or Enter, or press ? or * to list all spells.
Aiming: Magic Dart (safe; 1% risk of failure)
Press: ? - help, Shift-Dir - straight line, f/p - orc priest
Aim: an orc priest, wearing a +0 plate armour (severely wounded)
The magic dart hits the orc priest.
The orc priest is severely wounded.
Casting: Magic Dart (safe; 1% risk of failure)
Confirm with . or Enter, or press ? or * to list all spells.
Aiming: Magic Dart (safe; 1% risk of failure)
Press: ? - help, Shift-Dir - straight line, f/p - orc priest
Aim: an orc priest, wearing a +0 plate armour (severely wounded)
The magic dart hits the orc priest but does no damage.
The orc priest is severely wounded.
The orc priest hits you.
You die...

...#.#................#
####.#................#
.###.#........######### .
.##...........###############...
.##...........................).
.##.....>..........)...o(....)).
.##........)......)########..)..
###...####..[....o.# ...
.........()[....@..# (
##.....)##.........#
#.)....##....######
#......####### #......# ########


You could see an orc priest.

Vanquished Creatures
  An orc warrior (D:3)
  A crimson imp (D:2)
  2 orc priests (D:3)
  3 orc wizards
  An ooze (D:2)
  2 worms (D:2)
  A dart slug (D:2)
  A leopard gecko (D:2)
  8 orcs (D:3)
  5 goblins
  10 hobgoblins
  6 jackals
  A quokka (D:2)
  2 ball pythons
  3 bats
  6 frilled lizards
  9 kobolds
  9 rats
71 creatures vanquished.

Notes
Turn   | Place    | Note
-------+----------+-------------------------------------------
     0 | D:1      | Elellon the Deep Elf Conjurer began the quest for the Orb.
     0 | D:1      | Reached XP level 1. HP: 10/10 MP: 6/6
   180 | D:1      | Reached XP level 2. HP: 15/15 MP: 1/8
   243 | D:1      | Learned a level 2 spell: Searing Ray
  1143 | D:2      | Reached XP level 3. HP: 19/19 MP: 7/10
  1144 | D:2      | Reached skill level 5 in Conjurations
  1420 | D:2      | Reached XP level 4. HP: 24/24 MP: 5/12
  1793 | D:2      | Reached skill level 5 in Spellcasting
  2609 | D:3      | Reached XP level 5. HP: 12/28 MP: 5/15
  2956 | D:3      | Noticed an orc warrior
  2973 | D:3      | Killed an orc warrior
  2973 | D:3      | Reached XP level 6. HP: 9/32 MP: 3/17
  3128 | D:3      | Slain by an orc priest

Levels and vault maps discovered:
D:1:      lightli_arrival_lavapool, layout_basic
D:2:      minmay_chambers_of_twos, layout_basic, first_ration
D:3:      layout_basic

Skill      XL: |  1  2  3  4  5 |
---------------+----------------+-----
Spellcasting   | 4 5 6 |  6.8
Conjurations   | 5 6 |  6.7
Dodging        | |  2.4
Stealth        | |  2.4

Action                   |  1- 3 |  4- 6 || total
-------------------------+-------+-------++-------
 Cast: Magic Dart        |    65 |    77 ||   142
       Searing Ray       |     2 |     2 ||     4
  Eat: Chunk             |     1 |     5 ||     6
Armor: Robe              |     1 |       ||     1
Dodge: Dodged            |     4 |     9 ||    13

Table legend:
 A = Non-vault XP
 B = Vault XP
 C = Vault XP percentage of total XP
 D = Non-vault monster count
 E = Vault monster count
 F = Vault count percentage of total count
                 A         B        C        D         E       F
            +---------+---------+-------+---------+---------+-------
      Total |     466 |      48 |   9.3 |      63 |       8 |  11.3
            +---------+---------+-------+---------+---------+-------
        D:1 |      32 |       0 |   0.0 |      21 |       0 |   0.0
        D:2 |     101 |      48 |  32.2 |      23 |       8 |  25.8
        D:3 |     333 |       0 |   0.0 |      19 |       0 |   0.0
            +---------+---------+-------+---------+---------+-------
